 Dungeon Crawl Stone Soup version 0.28-a0-1152-g9c71ebef14 (webtiles) character file.

Game seed: 4440376839286152117

3666 funkygono the Thaumaturge (level 10, -4/52 HPs)
             Began as a Gargoyle Fire Elementalist on Dec 14, 2021.
             Was a Priest of Vehumet.
             Slain by a komodo dragon (14 damage)
             ... on level 10 of the Dungeon.
             The game lasted 00:23:22 (9916 turns).

funkygono the Thaumaturge (GrFE)                    Turns: 9916, Time: 00:23:24

Health: -4/52      AC: 19    Str: 12    XL:     10   Next: 12%
Magic:  13/22      EV: 14    Int: 20    God:    Vehumet [***...]
Gold:   790        SH:  4    Dex: 10    Spells: 14/25 levels left

rFire   . . .      SeeInvis .   y - +1 flail (protect)
rCold   . . .      Faith    .   f - +0 buckler
rNeg    + + .      Spirit   .   F - +1 ring mail "Aruugelu" {Contam rPois Regen+ Slay+3}
rPois   ∞          Reflect  .   t - +1 helmet
rElec   +          Harm     .   H - +1 cloak {Will+}
rCorr   .          Rampage  .   (no gloves)
Will    +....                   A - +0 pair of boots
Stlth   +.........              o - amulet of regeneration
HPRegen 1.77/turn               l - +4 ring of evasion
MPRegen 0.18/turn               I - ring of positive energy

@: no status effects
A: sickness immunity, AC +7, negative energy resistance 1, electricity
resistance, torment resistance 1, petrification resistance
a: Renounce Religion


You were on level 10 of the Dungeon.
You worshipped Vehumet.
Vehumet was most pleased with you.
You visited 1 branch of the dungeon, and saw 10 of its levels.

You collected 790 gold pieces.

Inventory:

Hand Weapons
 d - a +2 whip
 w - a +0 vorpal dire flail
 y - a +1 flail of protection (weapon)
Missiles
 h - 357 stones
 z - a throwing net
Armour
 a - a +0 robe
 f - a +0 buckler (worn)
 i - the +0 leather armour "Jyaniyr" {rN+ Str+4}
   (You found it on level 8 of the Dungeon)

   Str:       It affects your strength (+4).
   rN:        It protects you from negative energy.
 t - a +1 helmet (worn)
 A - a +0 pair of boots (worn)
 F - the +1 ring mail "Aruugelu" (worn) {Contam rPois Regen+ Slay+3}
   (You found it on level 7 of the Dungeon)

   Slay:      It affects your accuracy & damage with ranged weapons and melee
   (+3).
   rPois:     It protects you from poison.
   Contam:    It causes magical contamination when unequipped.
   Regen:     It increases your rate of health regeneration.
 H - a +1 cloak of willpower (worn)
Jewellery
 l - a +4 ring of evasion (left hand)
 o - an amulet of regeneration (around neck)
 p - a ring of protection from cold
 I - a ring of positive energy (right hand)
 J - a +4 ring of evasion
Wands
 b - a wand of charming (9)
 m - a wand of paralysis (15)
 q - a wand of acid (10)
 D - a wand of digging (8)
 G - a wand of flame (29)
 K - a wand of polymorph (7)
Scrolls
 e - 3 scrolls of teleportation
 k - 4 scrolls of blinking
 n - 4 scrolls of fear
 r - 2 scrolls of holy word
 C - a scroll of silence
Potions
 c - a potion of lignification
 g - a potion of resistance
 j - 2 potions of curing
 s - 2 potions of might
 u - 6 potions of heal wounds
 v - 2 potions of haste
 x - a potion of flight
 B - 2 potions of berserk rage
 E - a potion of attraction


   Skills:
 + Level 1.4 Fighting
 + Level 1.1 Maces & Flails
 * Level 2.4 Armour
 + Level 2.4 Dodging
 - Level 2.1 Stealth
 * Level 3.0 Shields
 * Level 8.4 Spellcasting
 * Level 6.6 Conjurations
 * Level 8.3 Fire Magic


You had 14 spell levels left.
You knew the following spells:

 Your Spells              Type           Power      Damage    Failure   Level
a - Foxfire               Conj/Fire      100%       2x1d9     1%          1
b - Scorch                Fire           82%        2d9       1%          2
c - Conjure Flame         Conj/Fire      38%        6-21      1%          3
d - Flame Wave            Conj/Fire      38%        2d7       2%          4
e - Shock                 Conj/Air       84%        1d8       1%          1

Your spell library contained the following spells:

 Spells                   Type           Power      Damage    Failure   Level
 Frozen Ramparts          Ice            16%        1d3       16%         3
 Inner Flame              Hex/Fire       25%        N/A       3%          3
 Animate Skeleton         Necr           16%        N/A       21%         1
 Pain                     Necr           32%        1d5       21%         1
 Ensorcelled Hibernation  Hex/Ice        16%        N/A       30%         2
 Gell's Gravitas          Tloc           8%         N/A       52%         3
 Lesser Beckoning         Tloc           8%         N/A       52%         3
 Spider Form              Tmut/Pois      8%         N/A       52%         3
 Teleport Other           Tloc           8%         N/A       52%         3
 Vampiric Draining        Necr           8%         2d6       52%         3


Dungeon Overview and Level Annotations

Branches:
Dungeon (10/15)            Temple (0/1) D:7
   Lair: D:8-11         Orc: D:9-12

Altars:
Ru
Trog
Vehumet
The Shining One
Jiyva

Shops:
D:2 (   D:6 *(

Annotations:
D:8 3 runed translucent doors, hansi's ghost, journeyman MiFi


Innate Abilities, Weirdness & Mutations

You are immune to sickness and miasma.
Your stone body is resilient. (AC +7)
You are immune to poison.
You resist negative energy. (rN+)
You are resistant to electric shocks. (rElec)
You are resistant to unholy torment.
You are immune to petrification.


Message History

Reactivating autopickup.
Casting: Foxfire (safe; 1% risk of failure)
Confirm with . or Enter, or press ? or * to list all spells.
You conjure some foxfire!
The foxfire hits the komodo dragon but does no damage.
The komodo dragon is lightly wounded.
The foxfire hits the komodo dragon but does no damage.
The komodo dragon is lightly wounded.
The shadow slips into darkness.
The shadow flickers and vanishes!
Deactivating autopickup; reactivate with Ctrl-A.
The komodo dragon closely misses you.
Your foxfire dissipates!
The foxfire hits something.
Casting: Foxfire (safe; 1% risk of failure)
Confirm with . or Enter, or press ? or * to list all spells.
You conjure some foxfire!
The shadow strikes at you from the darkness!
Reactivating autopickup.
The komodo dragon bites you!
Unknown command.
Casting: Foxfire (safe; 1% risk of failure)
Confirm with . or Enter, or press ? or * to list all spells.
You conjure some foxfire!
The foxfire hits the komodo dragon but does no damage.
The komodo dragon is lightly wounded.
The foxfire hits the komodo dragon.
The komodo dragon is moderately wounded.
The shadow slips into darkness.
The shadow flickers and vanishes!
Deactivating autopickup; reactivate with Ctrl-A.
The komodo dragon bites you!
* * * LOW HITPOINT WARNING * * *
Casting: Foxfire (safe; 1% risk of failure)
Confirm with . or Enter, or press ? or * to list all spells.
You conjure some foxfire!
The shadow strikes at you from the darkness!
Reactivating autopickup.
The komodo dragon bites you!
You die...

#........# #######
#........# ...... #........#
....## #.#..#.#.##### .#
....# #.#..#.#.....# ...
...####.##.#..#.....#.#
....#§v.....##.####.........
#...########.lvv......#.#.#
#..#...........W@v..#.#.#.#
# #.#.##.##########...#.# #
#.##.##.# #.###.# ## .##..#
#.# .# #. #### #.# (# #.# ##
..


You could see a komodo dragon (ally target) and a shadow (ally target).

Vanquished Creatures
  Maurice (D:8)
  A hornet (D:9)
  A vampire (D:10)
  A steam dragon (D:8)
  Menkaure (D:4)
  Edmund (D:4)
  Duvessa (D:5)
  A water moccasin (D:7)
  2 ice beasts
  An ogre (D:5)
  3 centaurs
  4 bullfrogs
  2 kobold brigands (D:7)
  Dowan (D:5)
  5 wights (D:9)
  7 killer bees
  A bullfrog zombie (D:6)
  4 centaur zombies
  3 centaur skeletons
  2 orc priests (D:9)
  A gnoll shaman (D:6)
  2 hounds
  Ijyb (D:5)
  3 iguanas
  4 orc wizards
  2 hound skeletons
  5 gnolls (D:6)
  A howler monkey skeleton (D:6)
  11 adders
  A shadow imp (D:6)
  4 white imps
  3 adder skeletons (D:4)
  2 worms
  2 dart slugs
  11 orcs
  4 bats
  11 endoplasms
  5 giant cockroaches
  4 goblins
  7 hobgoblins
  14 jackals
  16 kobolds
  A quokka (D:1)
  9 ball pythons
  A frilled lizard (D:1)
  2 rats (D:1)
170 creatures vanquished.

Vanquished Creatures (others)
  An orc wizard (D:9)
  697 foxfires
698 creatures vanquished.

Grand Total: 868 creatures vanquished

Notes
Turn   | Place    | Note
-------+----------+-------------------------------------------
     0 | D:1      | funkygono the Gargoyle Fire Elementalist began the quest
                  | for the Orb.
     0 | D:1      | Reached XP level 1. HP: 10/10 MP: 3/3
   300 | D:1      | Reached XP level 2. HP: 15/15 MP: 0/5
   777 | D:1      | Reached XP level 3. HP: 19/19 MP: 3/6
  1676 | D:2      | You fall into a shaft and drop 2 floors!
  1678 | D:4      | Found a glowing golden altar of the Shining One.
  1681 | D:4      | Noticed Menkaure
  1693 | D:4      | Found a radiant altar of Vehumet.
  1694 | D:4      | Found a bloodstained altar of Trog.
  1703 | D:4      | Became a worshipper of Vehumet
  1725 | D:4      | Killed Menkaure
  1726 | D:4      | Reached XP level 4. HP: 10/24 MP: 0/9
  1726 | D:4      | Reached XP level 5. HP: 11/28 MP: 0/10
  1937 | D:4      | Learned a level 2 spell: Scorch
  1941 | D:4      | Learned a level 3 spell: Conjure Flame
  1983 | D:4      | Learned a level 4 spell: Flame Wave
  2193 | D:2      | Found a faded altar of an unknown god.
  2286 | D:2      | Found Wogocroc's Antique Weapon Emporium.
  2724 | D:3      | Reached XP level 6. HP: 32/32 MP: 6/11
  3949 | D:4      | Reached * piety under Vehumet
  3949 | D:4      | Offered knowledge of Freeze by Vehumet.
  4031 | D:4      | Noticed Edmund
  4075 | D:4      | Killed Edmund
  4076 | D:4      | Reached XP level 7. HP: 36/36 MP: 0/13
  4300 | D:4      | Found a sacrificial altar of Ru.
  4434 | D:5      | Entered Level 5 of the Dungeon
  4524 | D:5      | Noticed Ijyb
  4530 | D:5      | Killed Ijyb
  4531 | D:5      | Reached skill level 5 in Fire Magic
  4769 | D:5      | Reached skill level 1 in Maces & Flails
  5225 | D:5      | Noticed Dowan
  5227 | D:5      | Noticed Duvessa
  5379 | D:5      | Reached skill level 5 in Spellcasting
  5593 | D:5      | Killed Duvessa
  5594 | D:5      | Reached XP level 8. HP: 41/41 MP: 0/16
  5610 | D:5      | Killed Dowan
  5861 | D:6      | Reached skill level 5 in Conjurations
  6050 | D:6      | Found Leevuow's Weapon Boutique.
  6090 | D:6      | Found Deajadock's Assorted Antiques.
  6146 | D:6      | Reached ** piety under Vehumet
  6151 | D:6      | Offered knowledge of Shock by Vehumet.
  6700 | D:6      | Reached skill level 1 in Fighting
  6827 | D:6      | Learned a level 1 spell: Shock
  6940 | D:7      | Reached skill level 1 in Shields
  6940 | D:7      | Reached XP level 9. HP: 45/47 MP: 7/18
  7106 | D:7      | Found a staircase to the Ecumenical Temple.
  7321 | D:7      | Identified the +1 ring mail "Aruugelu" {Contam rPois Regen+
                  | Slay+3}
  7629 | D:8      | Reached skill level 1 in Armour
  7654 | D:8      | Identified the +0 leather armour "Jyaniyr" {rN+ Str+4}
  7762 | D:8      | Noticed Maurice
  7772 | D:8      | Killed Maurice
  7942 | D:8      | Found a runed translucent gate.
  7942 | D:8      | Found a runed translucent gate.
  7942 | D:8      | Found a runed translucent gate.
  7943 | D:8      | Found a viscous altar of Jiyva.
  7943 | D:8      | Noticed hansi's ghost (journeyman MiFi)
  8672 | D:9      | Offered knowledge of Frozen Ramparts by Vehumet.
  8924 | D:9      | Noticed a hornet
  8930 | D:9      | Killed a hornet
  8989 | D:9      | Reached XP level 10. HP: 51/52 MP: 16/21
  9053 | D:9      | Reached *** piety under Vehumet
  9816 | D:10     | Entered Level 10 of the Dungeon
  9916 | D:10     | Slain by a komodo dragon

Illustrated notes

Levels and vault maps discovered:
D:1:      evilmike_arrival_hilbert_curve, layout_basic
D:2:      layout_rooms, hellmonk_ecumenical_altar_pennies_from_heaven,
          serial_shops, shop_coins, kennysheep_generic_room_12
D:3:      minmay_skewed_foursquare, layout_basic,
          chequers_serial_rivers_small_3, serial_park_tiny_2
D:4:      layout_basic, amcnicky_altar_gilded, grunt_temple_overflow_open,
          uniq_edmund, uniq_menkaure
D:5:      layout_basic, uniq_ijyb, uniq_duvessa
D:6:      layout_basic, serial_shops, shop, nicolae_shop_trees,
          wad_floor_pattern_untrapped
D:7:      layout_rooms, minmay_temple_entry_glass
D:8:      layout_loops_ring, gammafunk_ghost_ooze, uniq_maurice
D:9:      layout_basic
D:10:     layout_basic, kennysheep_nondescript, chequers_serial_rivers_micro_b,
          st_stairs_2, minmay_increasing_density

Skill      XL: |  1  2  3  4  5  6  7  8  9 10 |
---------------+-------------------------------+-----
Conjurations   | 2 3 4 5 6 |  6.6
Spellcasting   | 3 4 5 6 7 8 |  8.4
Fire Magic     | 4 5 6 8 |  8.3
Dodging        | 2 |  2.4
Maces & Flails | 1 |  1.1
Fighting       | 1 |  1.4
Shields        | 1 3 |  3.0
Armour         | 2 |  2.4
Stealth        | |  2.1

Action                   |  1- 3 |  4- 6 |  7- 9 | 10-12 || total
-------------------------+-------+-------+-------+-------++-------
Melee: Unarmed           |     4 |       |       |       ||     4
       Whip              |     5 |    14 |     4 |       ||    23
       Flail             |       |       |     5 |       ||     5
 Cast: Foxfire           |    76 |    91 |   212 |    34 ||   413
       Scorch            |       |    10 |    50 |     5 ||    65
       Conjure Flame     |       |       |     1 |       ||     1
       Flame Wave        |       |       |     5 |       ||     5
  Use: Scroll            |     4 |       |    21 |       ||    25
Armor: Robe              |    19 |    13 |    32 |       ||    64
       Ring mail         |       |       |    23 |    12 ||    35
Dodge: Dodged            |    47 |    42 |   120 |     9 ||   218
Block: Buckler           |       |       |     5 |     4 ||     9

Table legend: (Time is in decaauts)
 A = Elapsed time spent in this place.
 B = Non-inter-level travel time spent in this place.
 C = Inter-level travel time spent in this place.
 D = Time resting spent in this place.
 E = Time spent auto-exploring this place.
 F = Levels seen in this place.
 G = Mean time per level.
                   A        B        C        D        E       F      G
               +--------+--------+--------+--------+--------+-----+--------+
         Total |   9924 |   9713 |    211 |    790 |   7307 |  10 |  992.4 |
       Dungeon |   9924 |   9713 |    211 |    790 |   7307 |  10 |  992.4 |
               +--------+--------+--------+--------+--------+-----+--------+

Top non-repeatable levels by time:
     D:5: 1358 daAuts
     D:9: 1322 daAuts
     D:1: 1295 daAuts
     D:4: 1272 daAuts
     D:6: 1044 daAuts
     D:3: 998 daAuts
     D:8: 979 daAuts
     D:2: 874 daAuts
     D:7: 679 daAuts
    D:10: 99 daAuts
